 Dungeon Sprint DCSS version 0.20-a0-40-gb6e7b4f (webtiles) character file.

10177 esc the Eclecticist (level 11, -1/73 HPs)
             Began as a Deep Elf Fire Elementalist on Nov 11, 2016.
             Was the Champion of Vehumet.
             Slain by a demonic crawler (5 damage)
             ... in the Dungeon (Sprint I: "Red Sonja") on Nov 12, 2016.
             The game lasted 00:13:54 (2330 turns).

esc the Eclecticist (Deep Elf Fire Elementalist)    Turns: 2330, Time: 00:13:55

Health: -1/73      AC:  8    Str:  6    XL:     11   Next: 32%
Magic:  41/41      EV: 21    Int: 22    God:    Vehumet [******]
Gold:   16         SH:  5    Dex: 13    Spells: 4 memorised, 28 levels left

rFire  . . .     SeeInvis +     n - +2 dagger (elec)
rCold  + . .     Gourm    .     a - +0 robe
rNeg   + + .     Faith    .     o - +0 buckler
rPois  +         Spirit   .     (no helmet)
rElec  .         Reflect  .     p - +2 cloak {rPois}
rCorr  .         Harm     .     c - +0 pair of gloves
MR     +....     Rnd*Rage +     w - +1 pair of boots of Plasticity {rN+ MP+9 Str+3 Stlth+}
Stlth  ++++...... NoTele   +    (no amulet)
                                v - ring of Dakk {rC+ SInv}
                                q - ring "Fekla Tule" {rN+ Stlth+}

@: starving
A: berserk 1, blurry vision 2, clumsy 1, dopey 1, weak 1, subdued magic 1,
MP-powered wands
a: Renounce Religion


You were in the Dungeon.
You worshipped Vehumet.
Vehumet was exalted by your worship.
You were starving.

You visited 1 branch You collected 1200 gold pieces.
You spent 1184 gold pieces at shops.

Inventory:

Hand Weapons
 j - a +2 vampiric scythe {!w}
   (You took it off Sigmund in the Dungeon)
 l - a +0 blowgun
   (You took it off Sonja in the Dungeon)
 n - a +2 dagger of electrocution (weapon)
   (You took it off Sonja in the Dungeon)
Missiles
 m - 5 curare-tipped needles
Armour
 a - a +0 robe (worn)
 c - a +0 pair of gloves (worn)
   (You found it in the Dungeon)
 o - a +0 buckler (worn)
   (You found it in the Dungeon)
 p - a +2 cloak of poison resistance (worn)
   (You bought it in a shop in the Dungeon)
 w - the +1 pair of boots of Plasticity (worn) {rN+ MP+9 Str+3 Stlth+}
   (You bought it in a shop in the Dungeon)

   It affects your strength (+3).
   It protects you from negative energy.
   It affects your magic capacity (+9).
   It makes you more stealthy.
Jewellery
 q - the ring "Fekla Tule" (left hand) {rN+ Stlth+}
   (You bought it in a shop in the Dungeon)

   [ring of positive energy]

   It protects you from negative energy.
   It makes you more stealthy.
 v - the ring of Dakk (right hand) {rC+ SInv}
   (You bought it in a shop in the Dungeon)

   [ring of see invisible]

   It protects you from cold.
   It lets you see invisible.
Scrolls
 i - 4 scrolls of blinking {!r}
 s - a scroll of remove curse
 u - a scroll of identify
Potions
 d - 4 potions of curing
 e - a potion of heal wounds
 g - 2 potions of magic
 h - a potion of berserk rage {!q}
 k - a potion of flight
Books
 b - a book of Flames


   Skills:
 + Level 10.5 Fighting
 + Level 14.4 Dodging
 - Level 2.4 Stealth
 - Level 5.5 Shields
 + Level 15.6 Spellcasting
 + Level 13.3 Conjurations
 + Level 13.5 Fire Magic


You had 28 spell levels left.
You knew the following spells:

 Your Spells              Type           Power        Failure   Level  Hunger
a - Flame Tongue          Conj/Fire      #####        0%          1    None
f - Fireball              Conj/Fire      ######....   1%          5    ##.....
s - Sticky Flame          Conj/Fire      ######..     1%          4    None
x - Mephitic Cloud        Conj/Pois/Air  ####....     1%          3    None


Dungeon Overview and Level Annotations

Branches:
Dungeon (1/1)

Altars:
Cheibriados
Dithmenos
Elyvilon
Fedhas
Gozag
Hepliaklqana
Kikubaaqudgha
Makhleb
Nemelex Xobeh
Okawaru
Qazlal
Ru
Sif Muna
Trog
Uskayaw
Vehumet
Xom
Yredelemnul
Zin
The Shining One
Jiyva
Lugonu

Shops:
D *[%}*[!=[[=?(%:%[=*[[


Innate Abilities, Weirdness & Mutations

You tend to lose your temper in combat.
Scrolls take you longer to read.
You are clumsy. (Dex -2)
You are dopey. (Int -2)
You are weak. (Str -2)
Your spells are a little easier to cast, but a little less powerful.
You expend magic power (3 MP) to strengthen your wands.


Message History

Your soldier ant dies!
Your soldier ant's corpse disappears in a puff of smoke!
The demonic crawler burns!
The demonic crawler stops burning.
There is an open door here.
You close the door.
You aren't carrying any food.
Unknown command.
There is an open door here.
There is an open door here.
There is an open door, spattered with blood here.
Things that are here:
a longbow; 22 arrows You enter the shallow water.
Moving in this stuff is going to be slow.
Which direction?
You close the door.
There is an open door, spattered with blood here.
Things that are here:
a longbow; 22 arrows You begin reading the scroll.
You continue reading the scroll.
As you read the scroll labeled FEISISO NAICEQE, it crumbles to dust.
It is a scroll of brand weapon.
Your +2 dagger of venom crackles with electricity.
n - a +2 dagger of electrocution (weapon)
You start resting.
Your extra speed is starting to run out.
You regained 3 mp, and now have 36/41 mp.
You start resting.
You feel yourself slow down.
You start resting.
You are near starving!
You regained 4 hp, and now have 15/73 hp.
MP restored: 41 You start resting.
Your magical contamination has completely faded away.
You regained 3 hp, and now have 18/73 hp.
Unknown command.
You start resting.
You are starving!
You regained 36 hp, and now have 54/73 hp.
You're too hungry to rest.
There is an open door here.
There is an open door here.
Okay, then.
You open the door.
There is an open door here.
The demonic crawler gives a hideous shriek!
You don't have the energy to cast that spell.
You barely miss the demonic crawler. You block the demonic crawler's attack.
The demonic crawler hits you! x2
You take 14 damage, and have 42/73 hp.
Unknown command.
You hit the demonic crawler but do no damage.
The demonic crawler hits you but does no damage.
The demonic crawler barely misses you. The demonic crawler hits you.
The demonic crawler hits you! The demonic crawler barely misses you.
You block the demonic crawler's attack.
You take 11 damage, and have 31/73 hp.
You hit the demonic crawler but do no damage.
The demonic crawler barely misses you. You block the demonic crawler's attack.
The demonic crawler completely misses you.
You barely miss the demonic crawler.
The demonic crawler hits you but does no damage. x3
You hit the demonic crawler but do no damage.
The demonic crawler misses you.
The demonic crawler hits you but does no damage.
The demonic crawler completely misses you.
The demonic crawler misses you. x3
You hit the demonic crawler but do no damage.
The demonic crawler hits you but does no damage.
The demonic crawler hits you!
The demonic crawler completely misses you.
You take 9 damage, and have 23/73 hp.
You barely miss the demonic crawler.
The demonic crawler completely misses you. x2
The demonic crawler closely misses you.
You hit the demonic crawler but do no damage.
You block the demonic crawler's attack. The demonic crawler closely misses you.
The demonic crawler barely misses you.
You hit the demonic crawler but do no damage.
The demonic crawler hits you but does no damage.
The demonic crawler misses you.
The demonic crawler completely misses you.
The demonic crawler misses you. You block the demonic crawler's attack.
The demonic crawler hits you!
* * * LOW HITPOINT WARNING * * *
You take 7 damage, and have 17/73 hp.
You hit the demonic crawler but do no damage.
You block the demonic crawler's attack. The demonic crawler closely misses you.
The demonic crawler misses you.
You hit the demonic crawler but do no damage.
The demonic crawler hits you!
* * * LOW HITPOINT WARNING * * *
You block the demonic crawler's attack. The demonic crawler hits you.
* * * LOW HITPOINT WARNING * * *
You take 14 damage, and have 3/73 hp.
You hit the demonic crawler but do no damage.
The demonic crawler closely misses you. x3; The demonic crawler misses you.
The demonic crawler barely misses you. The demonic crawler hits you.
You die...

##########################***
#<.#..)..#..'..#__#..)...#,,*
#..'..#..'[.#..'^.ss.#)..##+#
#..#####'#####'#__####..s's.#
#..####..#...#(####§§#####..+
#..#__####..##[#§§§..#..#*+##
#..#_____##'#..+§§§§§'..#,,,,
#⌠⌠#_.∩...'.s._#§§§.§#..#,,,,
####_..__##_@#'##)#####'###,,
*,,#_____###'#.#§?..###.'.#,,
############.####'###.###§#,,
#∩........'...'.....'.∩##§#,,
###''''####...###########†#*+
#.......####.###......§##.#*,
#........#.#'#.#......§§§†#**
#..#.....#.....#'''######†#,,
#........#...[.#........#§#**


You could see a demonic crawler.

Vanquished Creatures
  2 centaur warriors (D)
  Sonja (D)
  2 unseen horrors (D)
  A deep troll (D)
  8 shining eyes (D)
  An oklob plant (D)
  2 kobold demonologists (D)
  A demonic crawler (D)
  A hornet (D)
  A slime creature (D)
  Sigmund (D)
  2 redbacks (D)
  A yak (D)
  6 floating eyes (D)
  An ogre (D)
  7 necrophages (D)
  8 jellies (D)
  Ijyb (D)
  4 ballistomycetes (D)
  A ballistomycete spore (D)
52 creatures vanquished.

Vanquished Creatures (others)
  A gargoyle (D)
  A ballistomycete spore (D)
2 creatures vanquished.

Grand Total: 54 creatures vanquished

Notes
Turn   | Place    | Note
-------+----------+-------------------------------------------
     0 | D        | esc the Deep Elf Fire Elementalist began the quest for the Orb.
     0 | D        | Reached XP level 1. HP: 10/10 MP: 6/6
     1 | D        | Noticed Ijyb
     9 | D        | Killed Ijyb
     9 | D        | Reached skill level 1 in Fighting
     9 | D        | Reached skill level 3 in Dodging
     9 | D        | Reached skill level 4 in Spellcasting
     9 | D        | Reached skill level 2 in Conjurations
     9 | D        | Reached skill level 4 in Fire Magic
     9 | D        | Reached XP level 2. HP: 15/17 MP: 0/9
    87 | D        | Noticed an ogre
    92 | D        | Killed an ogre
    92 | D        | Reached skill level 3 in Fighting
    92 | D        | Reached skill level 5 in Dodging
    92 | D        | Reached skill level 6 in Spellcasting
    92 | D        | Reached skill level 4 in Conjurations
    92 | D        | Reached skill level 5 in Fire Magic
    92 | D        | Reached XP level 3. HP: 23/23 MP: 4/12
    92 | D        | Reached XP level 4. HP: 28/28 MP: 4/14
   107 | D        | Learned a level 4 spell: Sticky Flame
   160 | D        | Noticed Sigmund
   164 | D        | Killed Sigmund
   164 | D        | Reached skill level 4 in Fighting
   164 | D        | Reached skill level 7 in Dodging
   164 | D        | Reached skill level 7 in Spellcasting
   164 | D        | Reached skill level 6 in Conjurations
   164 | D        | Reached skill level 6 in Fire Magic
   164 | D        | Reached XP level 5. HP: 26/34 MP: 9/17
   164 | D        | Reached XP level 6. HP: 30/39 MP: 9/18
   242 | D        | Found a deep blue altar of Sif Muna.
   244 | D        | Found a radiant altar of Vehumet.
   246 | D        | Reached skill level 8 in Spellcasting
   246 | D        | Reached skill level 7 in Fire Magic
   258 | D        | Became a worshipper of Vehumet
   274 | D        | Found Coodut's Gadget Emporium.
   274 | D        | Found an ancient bone altar of Kikubaaqudgha.
   274 | D        | Found a hazy altar of Hepliaklqana.
   274 | D        | Found a stormy altar of Qazlal.
   274 | D        | Found a hide-covered altar of Uskayaw.
   274 | D        | Found a blossoming altar of Fedhas.
   274 | D        | Found a bloodstained altar of Trog.
   274 | D        | Found an iron altar of Okawaru.
   274 | D        | Found a basalt altar of Yredelemnul.
   274 | D        | Found a glowing golden altar of the Shining One.
   274 | D        | Found a snail-covered altar of Cheibriados.
   274 | D        | Found a sacrificial altar of Ru.
   274 | D        | Found a glowing silver altar of Zin.
   274 | D        | Found a shadowy altar of Dithmenos.
   274 | D        | Found a white marble altar of Elyvilon.
   274 | D        | Noticed a yak
   281 | D        | Killed a yak
   281 | D        | Reached skill level 5 in Fighting
   281 | D        | Reached skill level 8 in Dodging
   281 | D        | Reached skill level 9 in Spellcasting
   281 | D        | Reached skill level 7 in Conjurations
   287 | D        | Found an opulent altar of Gozag.
   288 | D        | Found a sparkling altar of Nemelex Xobeh.
   338 | D        | Learned a level 5 spell: Fireball
   343 | D        | Found a burning altar of Makhleb.
   343 | D        | Found a viscous altar of Jiyva.
   343 | D        | Found a shimmering altar of Xom.
   343 | D        | Found a corrupted altar of Lugonu.
   343 | D        | Noticed a slime creature
   356 | D        | Killed a slime creature
   356 | D        | Reached skill level 8 in Fire Magic
   356 | D        | Reached XP level 7. HP: 27/45 MP: 4/22
   482 | D        | Noticed Sonja
   491 | D        | Killed Sonja
   491 | D        | Reached * piety under Vehumet
   491 | D        | Offered knowledge of Freeze by Vehumet.
   491 | D        | Reached skill level 6 in Fighting
   491 | D        | Reached skill level 10 in Dodging
   491 | D        | Reached skill level 10 in Spellcasting
   491 | D        | Reached skill level 9 in Conjurations
   491 | D        | Reached skill level 9 in Fire Magic
   491 | D        | Reached XP level 8. HP: 24/52 MP: 9/24
   505 | D        | HP: 13/52 [poisoned by Sonja]
   512 | D        | HP: 12/52 [poisoned by Sonja]
   519 | D        | HP: 11/52 [poisoned by Sonja]
   527 | D        | HP: 10/52 [poisoned by Sonja]
   713 | D        | Killed a gargoyle
   786 | D        | Noticed a deep troll
   800 | D        | Killed a deep troll
   800 | D        | Reached skill level 7 in Fighting
   800 | D        | Reached skill level 11 in Spellcasting
   800 | D        | Reached skill level 10 in Fire Magic
   819 | D        | Found Tewifoam's Armour Emporium.
   826 | D        | Bought a +2 cloak of poison resistance for 240 gold pieces
   949 | D        | Found Ului's Assorted Antiques.
   957 | D        | Bought a faintly glowing silver ring for 165 gold pieces
   957 | D        | Identified the ring "Fekla Tule" {rN+ Stlth+} (You bought it in a shop in the Dungeon)
   958 | D        | Bought a scroll labeled KAIFIU TECKECW for 33 gold pieces
   958 | D        | Bought a scroll labeled MYKOEPHAKKY for 33 gold pieces
   958 | D        | Bought a scroll labeled ZOMUAS XIEKH for 33 gold pieces
   958 | D        | Bought a scroll labeled WICEUTROESU for 33 gold pieces
  1017 | D        | Noticed a kobold demonologist
  1018 | D        | Noticed a kobold demonologist
  1020 | D        | Killed a kobold demonologist
  1020 | D        | Offered knowledge of Shock by Vehumet.
  1020 | D        | Reached ** piety under Vehumet
  1020 | D        | Reached skill level 11 in Dodging
  1020 | D        | Reached skill level 1 in Shields
  1020 | D        | Reached skill level 12 in Spellcasting
  1020 | D        | Reached skill level 10 in Conjurations
  1020 | D        | Reached XP level 9. HP: 57/57 MP: 12/27
  1023 | D        | Killed a kobold demonologist
  1023 | D        | Reached skill level 2 in Shields
  1140 | D        | Noticed a centaur warrior
  1141 | D        | Noticed a centaur warrior
  1143 | D        | Killed a centaur warrior
  1143 | D        | Reached skill level 8 in Fighting
  1143 | D        | Reached skill level 3 in Shields
  1143 | D        | Reached skill level 11 in Fire Magic
  1151 | D        | Killed a centaur warrior
  1151 | D        | Reached skill level 12 in Dodging
  1151 | D        | Reached skill level 4 in Shields
  1151 | D        | Reached skill level 13 in Spellcasting
  1151 | D        | Reached skill level 11 in Conjurations
  1165 | D        | Reached *** piety under Vehumet
  1279 | D        | Noticed an oklob plant
  1308 | D        | Killed an oklob plant
  1308 | D        | Offered knowledge of Throw Frost by Vehumet.
  1308 | D        | Reached XP level 10. HP: 49/65 MP: 25/29
  1449 | D        | Noticed an unseen horror
  1458 | D        | Killed an unseen horror
  1458 | D        | Offered knowledge of Static Discharge by Vehumet.
  1458 | D        | Reached **** piety under Vehumet
  1458 | D        | Reached skill level 9 in Fighting
  1458 | D        | Reached skill level 5 in Shields
  1458 | D        | Reached skill level 12 in Fire Magic
  1591 | D        | Noticed an unseen horror
  1595 | D        | Killed an unseen horror
  1595 | D        | Reached skill level 14 in Spellcasting
  1627 | D        | Offered knowledge of Mephitic Cloud by Vehumet.
  1627 | D        | Reached skill level 13 in Dodging
  1633 | D        | Learned a level 3 spell: Mephitic Cloud
  1636 | D        | Reached ***** piety under Vehumet
  1636 | D        | Offered knowledge of Ozocubu's Refrigeration by Vehumet.
  1649 | D        | Reached skill level 12 in Conjurations
  1728 | D        | Found Ureodiac's Jewellery Boutique.
  1728 | D        | Found Xamiagh's Assorted Antiques.
  1729 | D        | Found Vyxasunk's Antique Armour Emporium.
  1743 | D        | Found Casohapa's Jewellery Shoppe.
  1743 | D        | Found Mamaabla's Distillery.
  1743 | D        | Found Sawnam's Armour Boutique.
  1745 | D        | Found Uxymadi's Armour Emporium.
  1745 | D        | Found Funuu's Jewellery Shop.
  1745 | D        | Found Jeiribak's Magic Scroll Shoppe.
  1745 | D        | Found Joamaq's Weapon Boutique.
  1745 | D        | Found Deosof's Food Emporium.
  1745 | D        | Found Aqiec Icig's Book Shop.
  1745 | D        | Found Ehuwas's Food Shoppe.
  1748 | D        | Bought the ring of Dakk {rC+ SInv} for 290 gold pieces
  1750 | D        | Found Ofoca's Antique Armour Boutique.
  1751 | D        | Bought the +1 pair of boots of Plasticity {rN+ MP+9 Str+3 Stlth+} for 357 gold pieces
  1818 | D        | Noticed a shining eye
  1818 | D        | Noticed a shining eye
  1818 | D        | Noticed a shining eye
  1820 | D        | Noticed a shining eye
  1822 | D        | Gained mutation: You expend magic power (3 MP) to strengthen your wands. [a shining eye]
  1823 | D        | Noticed a shining eye
  1823 | D        | Killed a shining eye
  1823 | D        | Reached ****** piety under Vehumet
  1825 | D        | Gained mutation: Your spells are a little easier to cast, but a little less powerful. [a shining eye]
  1827 | D        | Killed a shining eye
  1827 | D        | Paralysed by a floating eye for 2 turns
  1830 | D        | Noticed a shining eye
  1830 | D        | Gained mutation: You are clumsy. (Dex -2) [a shining eye]
  1833 | D        | Paralysed by a floating eye for 2 turns
  1835 | D        | Noticed a shining eye
  1835 | D        | Gained mutation: You are weak. (Str -2) [a shining eye]
  1837 | D        | Killed a shining eye
  1837 | D        | Reached skill level 10 in Fighting
  1837 | D        | Reached skill level 13 in Fire Magic
  1837 | D        | Reached XP level 11. HP: 72/72 MP: 23/31
  1837 | D        | Paralysed by a floating eye for 2 turns
  1840 | D        | Offered knowledge of Irradiate by Vehumet.
  1845 | D        | Killed a shining eye
  1845 | D        | Reached skill level 15 in Spellcasting
  1848 | D        | Gained mutation: You are dopey. (Int -2) [a shining eye]
  1851 | D        | Noticed a shining eye
  1851 | D        | Killed a shining eye
  1851 | D        | Reached skill level 14 in Dodging
  1852 | D        | Gained mutation: Scrolls take you a little longer to read. [a shining eye]
  1855 | D        | Gained mutation: Scrolls take you longer to read. [a shining eye]
  1856 | D        | Killed a shining eye
  1856 | D        | Reached skill level 13 in Conjurations
  1857 | D        | Gained mutation: You tend to lose your temper in combat. [a shining eye]
  1859 | D        | Killed a shining eye
  1864 | D        | Killed a shining eye
  2004 | D        | Found Joups's Assorted Antiques.
  2004 | D        | Found Biabo's Antique Armour Shoppe.
  2004 | D        | Found Wueseki's Antique Armour Boutique.
  2004 | D        | Found Ceskekeriva's Food Emporium.
  2074 | D        | HP: 17/73 [demonic crawler (5)]
  2077 | D        | HP: 6/73 [demonic crawler (6)]
  2327 | D        | HP: 17/73 [demonic crawler (7)]
  2329 | D        | HP: 8/73 [demonic crawler (9)]
  2329 | D        | HP: 3/73 [demonic crawler (5)]
  2330 | D        | Slain by a demonic crawler

Vault maps used:
D:        dungeon_sprint_1

Skill      XL: |  1  2  3  4  5  6  7  8  9 10 11 |
---------------+----------------------------------+-----
Fighting       | 1 3 4 5 6 7 8 10 | 10.5
Dodging        | 3 5 7 8 10 11 12 13 14 | 14.4
Spellcasting   | 4 6 7 9 10 12 13 14 15 | 15.6
Conjurations   | 2 4 6 7 9 10 11 12 13 | 13.3
Fire Magic     | 4 5 6 8 9 10 11 13 | 13.5
Shields        | 1 4 5 |  5.5
Stealth        | |  2.4

Action                   |  1- 3 |  4- 6 |  7- 9 | 10-12 || total
-------------------------+-------+-------+-------+-------++-------
Melee: Unarmed           |     2 |       |       |       ||     2
       Dagger            |       |       |    46 |    58 ||   104
 Fire: Blowgun           |       |       |     1 |       ||     1
 Cast: Flame Tongue      |    10 |     6 |     1 |       ||    17
       Sticky Flame      |       |     4 |    12 |    25 ||    41
       Fireball          |       |     1 |     6 |     7 ||    14
Evoke: Sack of spiders   |       |       |       |     7 ||     7
  Use: Scroll            |       |       |     5 |     1 ||     6
       Potion            |       |       |       |     1 ||     1
 Stab: Sleeping          |       |       |     1 |     2 ||     3
  Eat: Bread ration      |       |       |     1 |       ||     1
Armor: Robe              |       |       |     5 |    15 ||    20
Dodge: Dodged            |     6 |     2 |    19 |    67 ||    94
Block: Buckler           |       |       |     4 |    16 ||    20

Vault maps used:
D:        dungeon_sprint_1

Table legend:
 A = Turns spent in this place as a percentage of turns spent in the entire game.
 B = Non-inter-level travel turns spent in this place as a percentage of non-inter-level travel turns spent in the entire game.
 C = Inter-level travel turns spent in this place as a percentage of turns spent in this place.
 D = Turns resting spent in this place as a percentage of non-inter-level travel turns spent in this place.
 E = Turns spent auto-exploring this place as a percentage of non-inter-level travel turns spent in this place.
 F = Non-inter-level travel turns spent in this place divided by the number of levels of this place that you've seen.
                   A       B       C       D       E      F
               +-------+-------+-------+-------+-------+----------------------
         Total | 100.0 | 100.0 |   0.0 |   5.2 |   0.0 | 966.0
       Dungeon | 100.0 | 100.0 |   0.0 |   5.2 |   0.0 | 966.0
               +-------+-------+-------+-------+-------+----------------------

Table legend:
 A = Kills in this place as a percentage of kills in entire the game.
 B = Kills by you in this place as a percentage of kills by you in the entire game.
 C = Kills by friends in this place as a percentage of kills by friends in the entire game.
 D = Other kills in this place as a percentage of other kills in the entire game.
 E = Experience gained in this place as a percentage of experience gained in the entire game.
 F = Experience gained in this place divided by the number of levels of this place that you have seen.
                   A       B       C       D       E      F
               +-------+-------+-------+-------+-------+----------------------
         Total | 100.0 | 100.0 |  -nan |  -nan | 100.0 | 14539.0
       Dungeon | 100.0 | 100.0 |  -nan |  -nan | 100.0 | 14539.0
               +-------+-------+-------+-------+-------+----------------------
